 Dungeon Crawl Stone Soup version 0.27-a0-931-g5a74e75d8f (webtiles) character file.

Game seed: 3775344794177839447

9 Alarkh the Insei (level 2, 22/22 HPs)
             Began as a Demonspawn Gladiator on Apr 10, 2021.
             Got out of the dungeon alive.
             The game lasted 00:00:19 (297 turns).

Alarkh the Insei (Demonspawn Gladiator)              Turns: 297, Time: 00:00:19

Health: 22/22      AC:  4    Str: 14    XL:     2   Next: 3%
Magic:  2/2        EV: 12    Int:  9    God:
Gold:   11         SH:  0    Dex: 14    Spells: 1/1 levels left

rFire    . . .     SeeInvis .     - Unarmed
rCold    . . .     Faith    .   (no shield)
rNeg     . . .     Spirit   .   a - +0 leather armour
rPois    .         Reflect  .   b - +0 helmet
rElec    .         Harm     .   (no cloak)
rCorr    .         Rampage  .   (no gloves)
Will     .....                  (no boots)
Stlth    +.........             (no amulet)
HPRegen  0.07/turn              (no ring)
MPRegen  0.08/turn              (no ring)

@: no status effects
A: demonic guardian 1
a: no special abilities


You escaped.
You visited 1 branch of the dungeon, and saw 1 of its levels.

You collected 11 gold pieces.

Inventory:

Missiles
 c - 3 throwing nets (quivered)
 e - 13 poisoned darts
Armour
 a - a +0 leather armour (worn)
 b - a +0 helmet (worn)
Scrolls
 d - a scroll of vulnerability {unknown}
 f - a scroll of identify {unknown}
Potions
 g - a potion of flight {unknown}


   Skills:
 + Level 2.2 Fighting
 - Level 1.7 Throwing
 - Level 2.6 Dodging
 * Level 3.1 Unarmed Combat


You had one spell level left.
You didn't know any spells.
Your spell library was empty.

Dungeon Overview and Level Annotations

Branches:
Dungeon (1/15)

Altars:


Innate Abilities, Weirdness & Mutations

A weak demonic guardian rushes to your aid.


Message History

No target in view!
Found a stone staircase leading down.
You see here a rat corpse.
Found a hunting sling.
g - a ruby potion
Found a buckler.
No target in view!
An endoplasm comes into view.
An endoplasm is nearby!
An endoplasm is nearby!
You see here a +0 buckler.
You hit the endoplasm.
You kill the endoplasm!
No target in view!
No target in view!
No target in view!
No target in view!
No target in view!
No target in view!
No target in view!
No target in view!
No target in view!
No target in view!
No target in view!
A goblin comes into view. It is wielding a +0 dagger.
A goblin is nearby!
A goblin is nearby!
The goblin shouts!
You closely miss the goblin. The goblin hits you but does no damage.
You hit the goblin.
You kill the goblin!
You have reached level 2!
Your demonic ancestry asserts itself...
You feel the presence of a demonic guardian.
Unknown command.
As you open the door, it creaks loudly!
There is an open door here.
There is a staircase leading out of the dungeon here.
Are you sure you want to leave the Dungeon?
This will make you lose the game!
You have escaped!

.....................♣♣♣
...............#........
........................
..#####'#####..#########
#.#PPP#.#PPP#..#########
#.#P⌠P#.#P⌠P#...........
#.#PPP#.#PPP#.......(...
..#####.#####.##########
..+....@....+..........#
#.#####.#####.....>.....
#.#PPP#.#PPP#..#.####.#.
#.#P⌠P#.#P⌠P#..#.# #.#.
#.#PPP#.#PPP#..#.# #.#.
#.#####'#####..#.####.#.
#.......................
...........#####.####...
##########.# #.#......


There were no monsters in sight!

Vanquished Creatures
  A bat (D:1)
  An endoplasm (D:1)
  2 goblins (D:1)
  A ball python (D:1)
  2 kobolds (D:1)
  A rat (D:1)
8 creatures vanquished.

Notes
Turn   | Place    | Note
-------+----------+-------------------------------------------
     0 | D:1      | Alarkh the Demonspawn Gladiator began the quest for the
                  | Orb.
     0 | D:1      | Reached XP level 1. HP: 16/16 MP: 1/1
   177 | D:1      | Reached skill level 3 in Unarmed Combat
   271 | D:1      | Gained mutation: A weak demonic guardian rushes to your
                  | aid. [demonic ancestry]
   271 | D:1      | Reached XP level 2. HP: 22/22 MP: 2/2
   297 | D:$      | Got out of the dungeon alive.

Illustrated notes

Levels and vault maps discovered:
D:1:      beargit_arrival_greenhouse, layout_basic,
          shapermc_ecumenical_altar_totnotflames, minmay_misc_feat_square,
          supply_closet_lemuel, serial_park_tiny_pond

Skill      XL: |  1 |
---------------+----+-----
Unarmed Combat | 3 |  3.1
Fighting       | |  2.2
Throwing       | |  1.7
Dodging        | |  2.6

Action                   || total
-------------------------++-------
Melee: Unarmed           ||    24
Armor: Leather armour    ||    14
Dodge: Dodged            ||    26

Table legend: (Time is in decaauts)
 A = Elapsed time spent in this place.
 B = Non-inter-level travel time spent in this place.
 C = Inter-level travel time spent in this place.
 D = Time resting spent in this place.
 E = Time spent auto-exploring this place.
 F = Levels seen in this place.
 G = Mean time per level.
                   A        B        C        D        E       F      G
               +--------+--------+--------+--------+--------+-----+--------+
         Total |    295 |    270 |     25 |      0 |    206 |   1 |  295.0 |
       Dungeon |    295 |    270 |     25 |      0 |    206 |   1 |  295.0 |
               +--------+--------+--------+--------+--------+-----+--------+

Top non-repeatable levels by time:
     D:1: 295 daAuts
